[Event "Dutch Open-ch 2019"]
[Site "Dieren"]
[Date "2019.08.01"]
[Round "9.7"]
[White "Vrolijk, Liam"]
[Black "Maatman, Nick"]
[Result "0-1"]
[ECO "E81"]
[WhiteElo "2478"]
[BlackElo "2407"]
[Annotator "ChessBase"]
[PlyCount "84"]
[EventDate "2019.07.23"]
[EventType "swiss"]
[EventCountry "NED"]
[SourceTitle "playchess.com"]
[Source "ChessBase"]
[SourceQuality "1"]
[TimeControl "40/5400+30:1800+30"]

1. d4 Nf6 2. c4 g6 3. Nc3 Bg7 4. e4 d6 5. f3 O-O 6. Nge2 a6 7. Be3 Nbd7 8. Ng3 h5 9. Bd3 c5 10. Nge2 cxd4 11. Nxd4 Ne5 12. Be2 Bd7 13. Rc1 Qa5 14. Qd2 Rfc8 15. Nd5 Qd8 16. O-O b5 17. b3 Nxd5 18. cxd5 Rxc1 19. Rxc1 Rc8 20. h3 Rxc1+ 21. Qxc1 Qc8 22. Qd2 Be8 23. Qc2 Qc5 24. Qd2 Qa3 25. f4 Nd7 26. Nc6 Kf8 27. Kh2 Nc5 28. Bf3 Qb2 29. Qxb2 Bxb2 30. Nd4 Nd3 31. Nc2 Bc1 32. Nb4 Nxb4 33. Bxc1 Nxa2 34. Bd2 b4 35. g4 hxg4 36. hxg4 Bb5 37. Kg3 a5 38. Be3 Nc3 39. Bb6 a4 40. bxa4 Nxa4 41. Bd4 Bd3 42. Bd1 Nc3 0-1

[Event "Dutch Open-ch 2019"]
[Site "Dieren"]
[Date "2019.08.01"]
[Round "9.8"]
[White "Evengroen, Henk-Jan"]
[Black "Hausrath, Daniel"]
[Result "0-1"]
[ECO "E10"]
[WhiteElo "2176"]
[BlackElo "2468"]
[Annotator "ChessBase"]
[PlyCount "81"]
[EventDate "2019.07.23"]
[EventType "swiss"]
[EventCountry "NED"]
[SourceTitle "playchess.com"]
[Source "ChessBase"]
[SourceQuality "1"]
[TimeControl "40/5400+30:1800+30"]

1. d4 Nf6 2. c4 b6 3. Nc3 Bb7 4. Nf3 g6 5. e3 Bg7 6. b4 c5 7. a3 O-O 8. Be2 d6 9. O-O Nbd7 10. Rb1 e6 11. Qc2 Qe7 12. Rd1 Rfc8 13. dxc5 bxc5 14. e4 cxb4 15. Bf4 bxc3 16. Rxb7 e5 17. Be3 Qf8 18. Bxa7 Rc6 19. Qxc3 Ra6 20. Be3 Nxe4 21. Qb4 Ndc5 22. Bxc5 Nxc5 23. Rb6 Rxb6 24. Qxb6 Ra6 25. Qc7 Ne6 26. Qd7 e4 27. Ng5 Nc5 28. Qc7 h6 29. Rb1 Ra8 30. Nh3 Be5 31. g3 Qc8 32. Qxc8+ Rxc8 33. Nf4 Bxf4 34. gxf4 Ne6 35. f5 gxf5 36. Rb6 Ra8 37. Rxd6 Rxa3 38. Rc6 Ra1+ 39. Bf1 f4 40. c5 e3 41. Kg2 0-1

[Event "Dutch Open-ch 2019"]
[Site "Dieren"]
[Date "2019.08.01"]
[Round "9.9"]
[White "Maris, Ivo"]
[Black "Das, Arghyadip"]
[Result "1/2-1/2"]
[ECO "A13"]
[WhiteElo "2399"]
[BlackElo "2439"]
[Annotator "NA"]
[PlyCount "109"]
[EventDate "2019.07.23"]
[EventType "swiss"]
[EventCountry "NED"]
[SourceTitle "playchess.com"]
[Source "ChessBase"]
[SourceQuality "1"]
[TimeControl "40/5400+30:1800+30"]

1. c4 e6 2. b3 d5 3. Bb2 Nf6 4. e3 dxc4 5. bxc4 c5 6. Nf3 Nc6 7. a3 b6 8. Qc2 Bb7 9. Bd3 Bd6 10. Nc3 Qe7 11. Ne4 Nxe4 12. Bxe4 f5 13. Bxc6+ Bxc6 14. Ne5 Qc7 15. f4 Qb7 16. Rg1 O-O-O 17. d3 Rhe8 18. g4 Re7 19. gxf5 exf5 20. O-O-O Kb8 21. Rg5 Bd7 22. Rdg1 g6 23. h4 Be8 24. h5 Kc8 25. R5g3 Bxe5 26. Bxe5 Qc6 27. d4 cxd4 28. exd4 Rb7 29. d5 Qc5 30. Bf6 Rd6 31. Re1 Bf7 32. Be7 Rc7 33. Rc3 Kb7 34. h6 Rcd7 35. Re5 Rc7 36. Kb2 g5 37. Bxd6 Qxd6 38. c5 bxc5 39. Rb3+ Ka8 40. Qc4 a6 41. Rxf5 Be8 42. a4 g4 43. Qc3 Rf7 44. Rxf7 Bxf7 45. Qh8+ Ka7 46. Qc8 Bxd5 47. Rc3 c4 48. Qh8 Qb6+ 49. Ka2 Qf2+ 50. Ka3 Qc5+ 51. Kb2 Qb6+ 52. Ka2 Qf2+ 53. Ka1 Qg1+ 54. Kb2 Qb6+ 55. Ka2 1/2-1/2

[Event "Dutch Open-ch 2019"]
[Site "Dieren"]
[Date "2019.08.01"]
[Round "9.10"]
[White "Ashwath, R.."]
[Black "Lahaye, Rick"]
[Result "1-0"]
[ECO "D35"]
[WhiteElo "2365"]
[BlackElo "2421"]
[Annotator "NA"]
[PlyCount "93"]
[EventDate "2019.07.23"]
[EventType "swiss"]
[EventCountry "NED"]
[SourceTitle "playchess.com"]
[Source "ChessBase"]
[SourceQuality "1"]
[TimeControl "40/5400+30:1800+30"]

1. d4 d5 2. c4 e6 3. Nc3 Nf6 4. cxd5 exd5 5. Bg5 Be7 6. e3 Nbd7 7. Bd3 Nf8 8. Nf3 Ne6 9. Bh4 g6 10. O-O Ng7 11. b4 Bf5 12. Bxf5 Nxf5 13. Bxf6 Bxf6 14. Nxd5 Qxd5 15. e4 Qd7 16. exf5 O-O-O 17. fxg6 hxg6 18. Qb3 Rh5 19. Rac1 Rd5 20. Rc5 b6 21. Rc4 Kb8 22. h3 b5 23. Rc5 Bxd4 24. Rxd5 Qxd5 25. Nxd4 Qxd4 26. Qxf7 Qxb4 27. Qxg6 a5 28. Rc1 Qa4 29. Qh5 b4 30. Rc5 Qxa2 31. Qh7 Rc8 32. Rb5+ Ka7 33. Qf5 Qc4 34. Rc5 Qd4 35. Rd5 Qc4 36. Rc5 Qd4 37. Rxa5+ Kb7 38. Rb5+ Kc6 39. Ra5 Qd1+ 40. Kh2 Qd6+ 41. g3 Rb8 42. Qe4+ Kb6 43. Rd5 Qf8 44. Rf5 Qd6 45. Rd5 Qf8 46. Qd4+ Kb7 47. Rc5 1-0

[Event "Dutch Open-ch 2019"]
[Site "Dieren"]
[Date "2019.08.01"]
[Round "9.11"]
[White "Neelotpal, Das"]
[Black "Sharma, Dinesh K."]
[Result "1-0"]
[ECO "C06"]
[WhiteElo "2406"]
[BlackElo "2299"]
[Annotator "NA"]
[PlyCount "77"]
[EventDate "2019.07.23"]
[EventType "swiss"]
[EventCountry "NED"]
[SourceTitle "playchess.com"]
[Source "ChessBase"]
[SourceQuality "1"]
[TimeControl "40/5400+30:1800+30"]

1. e4 e6 2. d4 d5 3. Nd2 Nf6 4. e5 Nfd7 5. Bd3 c5 6. c3 Nc6 7. Ne2 cxd4 8. cxd4 f6 9. exf6 Nxf6 10. O-O Bd6 11. Nf3 Qc7 12. Nc3 a6 13. Bg5 O-O 14. Rc1 h6 15. Bh4 Nh5 16. Bg6 Nf4 17. Bb1 g5 18. Bg3 Qg7 19. Re1 Bd7 20. Na4 Rad8 21. Nc5 Bxc5 22. Rxc5 Be8 23. Ne5 Nxe5 24. Rxe5 Bh5 25. Qe1 Rf6 26. Rc3 Rdf8 27. Bd3 Nxd3 28. Rxd3 Bg6 29. Rc3 Be4 30. f3 Bf5 31. Ree3 R6f7 32. Be5 Qg6 33. g4 Bb1 34. a4 Bc2 35. b3 b5 36. axb5 axb5 37. Qe2 Bb1 38. Bd6 Re8 39. Qxb5 1-0

[Event "Dutch Open-ch 2019"]
[Site "Dieren"]
[Date "2019.08.01"]
[Round "9.12"]
[White "Lai, Hing Ting"]
[Black "Elgersma, Onno"]
[Result "1/2-1/2"]
[ECO "E05"]
[WhiteElo "2460"]
[BlackElo "2232"]
[Annotator "ChessBase"]
[PlyCount "63"]
[EventDate "2019.07.23"]
[EventType "swiss"]
[EventCountry "NED"]
[SourceTitle "playchess.com"]
[Source "ChessBase"]
[SourceQuality "1"]
[TimeControl "40/5400+30:1800+30"]

1. Nf3 Nf6 2. g3 d5 3. c4 e6 4. d4 Be7 5. Bg2 O-O 6. O-O dxc4 7. Ne5 Nc6 8. Nxc6 bxc6 9. Na3 Bxa3 10. bxa3 Ba6 11. Qd2 Rb8 12. Qa5 Qc8 13. a4 Rd8 14. e3 c5 15. Qxc5 Nd7 16. Qa5 c5 17. Rd1 Nf6 18. Ba3 cxd4 19. Be7 Rd7 20. Bxf6 gxf6 21. exd4 Bb7 22. Bxb7 Qxb7 23. Qc3 Qd5 24. Rac1 Rc8 25. Rb1 a6 26. Rb2 Rcd8 27. Rb4 Qh5 28. Rd2 e5 29. Rxc4 Qf5 30. Kg2 Qe4+ 31. Qf3 f5 32. Qxe4 1/2-1/2

[Event "Dutch Open-ch 2019"]
[Site "Dieren"]
[Date "2019.08.01"]
[Round "9.13"]
[White "Kolbus, Dietmar"]
[Black "Konings, Frans"]
[Result "1-0"]
[ECO "D92"]
[WhiteElo "2281"]
[BlackElo "2208"]
[Annotator "NA"]
[PlyCount "79"]
[EventDate "2019.07.23"]
[EventType "swiss"]
[EventCountry "NED"]
[SourceTitle "playchess.com"]
[Source "ChessBase"]
[SourceQuality "1"]
[TimeControl "40/5400+30:1800+30"]

1. Nf3 g6 2. c4 Bg7 3. d4 Nf6 4. Nc3 d5 5. Bf4 c5 6. dxc5 Be6 7. cxd5 Nxd5 8. Nxd5 Qxd5 9. Qxd5 Bxd5 10. Be5 Bxe5 11. Nxe5 Na6 12. e4 Bxe4 13. Bb5+ Kf8 14. Bxa6 bxa6 15. O-O f6 16. Rfe1 Bd5 17. Rad1 Bxa2 18. Nc6 Rc8 19. Nxe7 Rxc5 20. Rd7 Re5 21. Rxe5 fxe5 22. Nc6 Rg8 23. Rxh7 Rg7 24. Rxg7 Kxg7 25. Nxe5 Kf6 26. Ng4+ Ke6 27. Ne3 Kd6 28. Kf1 Kc5 29. Ke2 Kb4 30. Kd2 Bb1 31. Kc1 Bd3 32. Kd2 Bb1 33. h4 a5 34. g4 a4 35. f4 Kb3 36. Kc1 Be4 37. f5 gxf5 38. Nxf5 Bd5 39. h5 Bf7 40. h6 1-0

[Event "Dutch Open-ch 2019"]
[Site "Dieren"]
[Date "2019.08.01"]
[Round "9.14"]
[White "Ojas Kulkarni"]
[Black "De Jonge, Boris"]
[Result "1/2-1/2"]
[ECO "A12"]
[WhiteElo "2251"]
[BlackElo "2059"]
[Annotator "NA"]
[PlyCount "69"]
[EventDate "2019.07.23"]
[EventType "swiss"]
[EventCountry "NED"]
[SourceTitle "playchess.com"]
[Source "ChessBase"]
[SourceQuality "1"]
[TimeControl "40/5400+30:1800+30"]

1. c4 c6 2. Nf3 d5 3. b3 Bf5 4. Bb2 e6 5. g3 Nf6 6. Bg2 Nbd7 7. O-O h6 8. d3 Bh7 9. Nbd2 Be7 10. Rc1 O-O 11. Rc2 Qa5 12. Qa1 Rfc8 13. Rfc1 Qd8 14. Ne5 Nxe5 15. Bxe5 Ba3 16. Bb2 Bxb2 17. Qxb2 a5 18. Nf3 Nd7 19. Bh3 dxc4 20. Rxc4 Qf6 21. Qxf6 Nxf6 22. Ne5 Rd8 23. Bg2 Nd5 24. a3 Kf8 25. Rc5 Nc7 26. Nc4 Nb5 27. Rb1 Ra6 28. Rb2 a4 29. b4 f6 30. Na5 Nd6 31. Nc4 Nb5 32. Na5 Nd6 33. d4 Raa8 34. Rc1 Rab8 35. e3 1/2-1/2

[Event "Dutch Open-ch 2019"]
[Site "Dieren"]
[Date "2019.08.01"]
[Round "9.15"]
[White "Mulder, Bart-Piet"]
[Black "Wedda, Dries"]
[Result "0-1"]
[ECO "A50"]
[WhiteElo "2154"]
[BlackElo "2234"]
[Annotator "NA"]
[PlyCount "126"]
[EventDate "2019.07.23"]
[EventType "swiss"]
[EventCountry "NED"]
[SourceTitle "playchess.com"]
[Source "ChessBase"]
[SourceQuality "1"]
[TimeControl "40/5400+30:1800+30"]

1. d4 Nf6 2. Nf3 b6 3. g3 Bb7 4. Bg2 g6 5. c4 Bg7 6. Nc3 Ne4 7. Nxe4 Bxe4 8. O-O O-O 9. Be3 d6 10. Qd2 e6 11. Bh6 Nd7 12. Bxg7 Kxg7 13. Ne1 Bxg2 14. Nxg2 Qe7 15. e4 e5 16. d5 f5 17. exf5 gxf5 18. f4 e4 19. Ne3 Qf6 20. g4 fxg4 21. Nxg4 Qh4 22. Kh1 Kf7 23. Ne3 Qh5 24. Rae1 Nc5 25. Nc2 a5 26. Nd4 Rae8 27. Re3 Rg8 28. f5 Rg4 29. Ne6 Reg8 30. Qe2 Qh4 31. Qe1 Qxe1 32. Rexe1 Nd3 33. Re2 e3 34. h3 Rg3 35. Kh2 Ne5 36. Nd4 Nxc4 37. f6 Nd2 38. Rf4 Rg1 39. Nf5 Nf1+ 40. Rxf1 Rxf1 41. Nh6+ Kf8 42. Nxg8 Rf2+ 43. Rxf2 exf2 44. Kg2 Kxg8 45. Kxf2 Kf7 46. Kf3 Kxf6 47. Kf4 Ke7 48. h4 Kd7 49. h5 c6 50. Ke4 b5 51. h6 c5 52. b3 a4 53. bxa4 b4 54. a5 Kc7 55. Kf5 Kb7 56. Ke6 c4 57. Kxd6 c3 58. a6+ Kxa6 59. Ke7 c2 60. d6 c1=Q 61. d7 Qxh6 62. d8=Q Qh4+ 63. Kd7 Qxd8+ 0-1

[Event "Dutch Open-ch 2019"]
[Site "Dieren"]
[Date "2019.08.01"]
[Round "9.16"]
[White "Nair, Sanjeev"]
[Black "Bhattacharjee, Sourav"]
[Result "0-1"]
[ECO "B90"]
[WhiteElo "2045"]
[BlackElo "2218"]
[Annotator "NA"]
[PlyCount "130"]
[EventDate "2019.07.23"]
[EventType "swiss"]
[EventCountry "NED"]
[SourceTitle "playchess.com"]
[Source "ChessBase"]
[SourceQuality "1"]
[TimeControl "40/5400+30:1800+30"]

1. e4 c5 2. Nf3 d6 3. d4 cxd4 4. Nxd4 Nf6 5. Nc3 a6 6. Bd3 e5 7. Nde2 Be7 8. O-O Nbd7 9. Ng3 Nc5 10. Be2 Be6 11. Be3 b5 12. a4 b4 13. Nd5 Bxd5 14. exd5 O-O 15. f4 e4 16. Qd2 Re8 17. Rfd1 Qa5 18. Nf5 Ncd7 19. Bc4 Nb6 20. Bb3 Rac8 21. Qd4 Nbd7 22. Kh1 Bf8 23. h3 g6 24. Ng3 Bg7 25. Qd2 Nc5 26. Bc4 Nfd7 27. Bd4 Bxd4 28. Qxd4 Qd8 29. c3 Rb8 30. Qe3 Qh4 31. Ne2 Nd3 32. Rd2 N7c5 33. Kh2 bxc3 34. bxc3 Qf6 35. g3 Rb2 36. Rxb2 Nxb2 37. Ba2 Nbxa4 38. Nd4 Rb8 39. Rb1 Rxb1 40. Bxb1 Qd8 41. Nc6 Qe8 42. f5 Nb6 43. Ba2 Nbd7 44. Kg2 Kg7 45. h4 Nf6 46. h5 Nxh5 47. g4 Nf6 48. g5 Ng4 49. f6+ Kh8 50. Qe2 h5 51. Ne7 e3 52. Bb1 Qb5 53. Qxb5 axb5 54. Kf1 h4 55. Bxg6 fxg6 56. Nxg6+ Kg8 57. Nxh4 Ne4 58. Nf5 Nxc3 59. Nxd6 e2+ 60. Ke1 Ne5 61. f7+ Kf8 62. g6 Nf3+ 63. Kf2 e1=Q+ 64. Kxf3 Nxd5 65. Nf5 Ne7 0-1

[Event "Dutch Open-ch 2019"]
[Site "Dieren"]
[Date "2019.08.01"]
[Round "9.17"]
[White "Mesman, Edwyn"]
[Black "Baselmans, Sam"]
[Result "1/2-1/2"]
[ECO "E94"]
[WhiteElo "2204"]
[BlackElo "2064"]
[Annotator "NA"]
[PlyCount "70"]
[EventDate "2019.07.23"]
[EventType "swiss"]
[EventCountry "NED"]
[SourceTitle "playchess.com"]
[Source "ChessBase"]
[SourceQuality "1"]
[TimeControl "40/5400+30:1800+30"]

1. d4 Nf6 2. c4 g6 3. Nc3 Bg7 4. e4 d6 5. Be2 O-O 6. Nf3 Na6 7. Be3 e5 8. O-O Ng4 9. Bg5 Qe8 10. h3 f6 11. hxg4 fxg5 12. d5 Bxg4 13. Nxg5 Qe7 14. Bxg4 Qxg5 15. g3 h5 16. Be6+ Kh7 17. Kg2 Bh6 18. Rh1 Rf4 19. Qe2 Raf8 20. Raf1 h4 21. Rh3 Nc5 22. b4 Nxe6 23. dxe6 c6 24. Qd1 hxg3 25. Rxg3 Qf6 26. f3 Qxe6 27. Rh1 g5 28. Ne2 R4f6 29. Qd3 Rg6 30. Rg4 b5 31. cxb5 cxb5 32. a3 Rgf6 33. Rxg5 Rxf3 34. Qxf3 Rxf3 35. Kxf3 Qb3+ 1/2-1/2

[Event "Dutch Open-ch 2019"]
[Site "Dieren"]
[Date "2019.08.01"]
[Round "9.18"]
[White "Van Baar, Esper"]
[Black "t Jong, Ewoud"]
[Result "1/2-1/2"]
[ECO "C06"]
[WhiteElo "2108"]
[BlackElo "2159"]
[Annotator "NA"]
[PlyCount "115"]
[EventDate "2019.07.23"]
[EventType "swiss"]
[EventCountry "NED"]
[SourceTitle "playchess.com"]
[Source "ChessBase"]
[SourceQuality "1"]
[TimeControl "40/5400+30:1800+30"]

1. e4 e6 2. d4 d5 3. Nd2 Nf6 4. e5 Nfd7 5. c3 c5 6. Bd3 Nc6 7. Ne2 cxd4 8. cxd4 f6 9. exf6 Nxf6 10. O-O Bd6 11. Nf3 O-O 12. Bf4 Nh5 13. Bxd6 Qxd6 14. Qc2 h6 15. Qd2 Bd7 16. Rac1 a6 17. Bb1 Rf6 18. Qd3 g6 19. Qe3 Nf4 20. Nxf4 Qxf4 21. Qxf4 Rxf4 22. Bxg6 Rc8 23. Rcd1 Kg7 24. Bb1 Be8 25. Rfe1 Kf6 26. Re3 Bh5 27. Kf1 Bxf3 28. Rxf3 Rxf3 29. gxf3 Kg5 30. Ke2 Kf4 31. Bg6 Ne7 32. Bb1 Rc4 33. Rg1 Rxd4 34. Rg7 Nc6 35. Rxb7 Rb4 36. Rf7+ Ke5 37. b3 Nd4+ 38. Ke3 Nb5 39. f4+ Kd6 40. Bd3 Nc3 41. Ra7 Rb6 42. Rxa6 Rxa6 43. Bxa6 Nxa2 44. Kd4 Nb4 45. Bb5 Nc2+ 46. Kc3 Ne1 47. Bf1 Nf3 48. h3 Nh4 49. Kd3 Kc5 50. Kc3 Ng6 51. b4+ Kd6 52. f5 exf5 53. Bd3 Ne7 54. b5 Kc5 55. Kb3 f4 56. Ka4 Kb6 57. Kb4 Nc8 58. Be2 1/2-1/2

[Event "Dutch Open-ch 2019"]
[Site "Dieren"]
[Date "2019.08.01"]
[Round "9.19"]
[White "De Boer, Bas"]
[Black "Van Roon, Sjoerd"]
[Result "0-1"]
[ECO "E62"]
[WhiteElo "2117"]
[BlackElo "2072"]
[Annotator "NA"]
[PlyCount "124"]
[EventDate "2019.07.23"]
[EventType "swiss"]
[EventCountry "NED"]
[SourceTitle "playchess.com"]
[Source "ChessBase"]
[SourceQuality "1"]
[TimeControl "40/5400+30:1800+30"]

1. d4 Nf6 2. c4 g6 3. g3 Bg7 4. Bg2 c6 5. Nf3 d6 6. O-O O-O 7. Nc3 Qa5 8. e4 e5 9. d5 cxd5 10. cxd5 Na6 11. Nd2 Bd7 12. a3 Rac8 13. Qe2 Ne8 14. Nb3 Qb6 15. Qd1 Qd8 16. Be3 b6 17. Qe2 Nc5 18. Nd2 f5 19. f3 Nf6 20. h3 f4 21. Bxc5 bxc5 22. g4 Rb8 23. Rfb1 a5 24. Bf1 Ne8 25. Qg2 Bf6 26. a4 Bh4 27. Bb5 Kf7 28. Nc4 Ra8 29. Bxd7 Qxd7 30. Nb6 Qb7 31. Nxa8 h5 32. Nb5 Qxa8 33. Rc1 Qd8 34. Kf1 Nf6 35. Ra3 Qb6 36. Rc4 hxg4 37. fxg4 g5 38. Rb3 Rb8 39. Ke2 Kg6 40. Kd1 Ne8 41. Qc2 Qa6 42. Qe2 Rb6 43. Rcc3 Nf6 44. Qc4 Bf2 45. Rf3 Bd4 46. Qc2 Kh6 47. Qe2 c4 48. Qxc4 Nxe4 49. Qc7 Bc5 50. Qf7 Qb7 51. Qe6+ Kg7 52. h4 Qf7 53. Nc7 Qxc7 54. h5 Nf2+ 55. Rxf2 Rxb3 56. h6+ Kh8 57. Qf6+ Kh7 58. Rh2 Qd7 59. Rh5 Rxb2 60. Kc1 Rg2 61. Qf5+ Qxf5 62. gxf5 f3 0-1

[Event "Dutch Open-ch 2019"]
[Site "Dieren"]
[Date "2019.08.01"]
[Round "9.20"]
[White "Tang, Charlie"]
[Black "De Jong, Tom"]
[Result "1/2-1/2"]
[ECO "B19"]
[WhiteElo "2247"]
[BlackElo "2176"]
[Annotator "NA"]
[PlyCount "115"]
[EventDate "2019.07.23"]
[EventType "swiss"]
[EventCountry "NED"]
[SourceTitle "playchess.com"]
[Source "ChessBase"]
[SourceQuality "1"]
[TimeControl "40/5400+30:1800+30"]

1. e4 c6 2. d4 d5 3. Nd2 dxe4 4. Nxe4 Bf5 5. Ng3 Bg6 6. h4 h6 7. Nf3 Nd7 8. h5 Bh7 9. Bd3 Bxd3 10. Qxd3 Qc7 11. Bd2 e6 12. O-O-O O-O-O 13. Ne4 Ngf6 14. g3 Nxe4 15. Qxe4 Nf6 16. Qe2 Bd6 17. c4 c5 18. Bc3 cxd4 19. Nxd4 a6 20. Kb1 Rd7 21. Nb3 Qc6 22. g4 Rhd8 23. f3 Bc7 24. Rxd7 Rxd7 25. Nd4 Qc5 26. Rd1 e5 27. Nf5 Rxd1+ 28. Qxd1 Qxc4 29. Nxg7 Nd5 30. Bd2 Qd3+ 31. Qc2 Qxf3 32. Qf5+ Qxf5+ 33. Nxf5 Kd7 34. Bxh6 Nf6 35. Bg7 Ke6 36. Kc2 Nxh5 37. Nd4+ exd4 38. gxh5 Kf5 39. Kd3 Kg5 40. h6 Kg6 41. Kxd4 Bf4 42. Kc5 Be3+ 43. Kd6 Bxh6 44. Bd4 Bg7 45. Bf2 Bxb2 46. Kc7 b5 47. Kb6 f5 48. Kxa6 b4 49. Kb5 Ba3 50. Kc4 Kg5 51. Kd3 Kf4 52. Ke2 Bb2 53. Bc5 Bc3 54. Kf2 Ke4 55. Be7 f4 56. Ke2 f3+ 57. Kf2 Bd4+ 58. Kf1 1/2-1/2